| TOP OF THE 1ST |
|
Birmingham Barons batting - Pitching for Montgomery Biscuits : RHP Greg Spaulding
|
|
Pitching: RHP Greg Spaulding
|
|
|
Batting: RHB Jeremy Hoffert
|
0-0: Ball 1-0: Called Strike 1-1: Swinging Strike 1-2: Strikes out swinging
|
|
Batting: LHB Brandon Hopper
|
0-0: Ball 1-0: Ball 2-0: Fly out, F5 (Popup, 56S, EV 81.2 MPH)
|
|
Batting: RHB Guillermo Mojica
|
0-0: Swinging Strike 0-1: Ball 1-1: Called Strike 1-2: Foul Ball, location: 2F 1-2: Foul Ball, location: 2F 1-2: Foul Ball, location: 2F 1-2: Ball 2-2: Strikes out looking
|
| Top of the 1st over - 0 runs, 0 hits, 0 errors, 0 left on base; Birmingham 0 - Montgomery 0 |
| BOTTOM OF THE 1ST |
|
Montgomery Biscuits batting - Pitching for Birmingham Barons : RHP Tristan Vollmer
|
|
Pitching: RHP Tristan Vollmer
|
|
|
Batting: LHB Bill McGregor
|
0-0: Called Strike 0-1: Ball 1-1: Ball 2-1: Called Strike 2-2: Strikes out looking
|
|
Batting: LHB Mark Marvin
|
0-0: Ball 1-0: Foul Ball, location: 2F 1-1: Foul Ball, location: 2F 1-2: Foul Ball, location: 2F 1-2: Ball 2-2: Foul Ball, location: 2F 2-2: Ball 3-2: Fly out, F7 (Flyball, 7, EV 91.9 MPH)
|
|
Batting: SHB Lou Kroneman
|
0-0: Called Strike 0-1: SINGLE (Groundball, 34D, EV 98.8 MPH)
|
|
Batting: RHB David Ward
|
0-0: Ball 1-0: Called Strike 1-1: Ball 2-1: Called Strike 2-2: Foul Ball, location: 2F 2-2: Foul Ball, location: 2F 2-2: Ground out 2-3 (Groundball, 13S, EV 69.4 MPH)
|
| Bottom of the 1st over - 0 runs, 1 hit, 0 errors, 1 left on base; Birmingham 0 - Montgomery 0 |
| TOP OF THE 2ND |
|
Birmingham Barons batting - Pitching for Montgomery Biscuits : RHP Greg Spaulding
|
|
Batting: LHB Ryan Dyal
|
0-0: Ball 1-0: Called Strike 1-1: Swinging Strike 1-2: Foul Ball, location: 2F 1-2: Ball 2-2: Strikes out swinging
|
|
Batting: LHB Josh Pittman
|
0-0: Fly out, F9 (Flyball, 89M, EV 83.1 MPH)
|
|
Batting: RHB Toichiro Fujimoto
|
0-0: Ball 1-0: Ball 2-0: Foul Ball, location: 2F 2-1: Ball 3-1: DOUBLE (Flyball, 78XD, EV 93.1 MPH)
|
|
Batting: LHB Carlos Ramirez
|
0-0: Foul Ball, location: 2F 0-1: Fly out, F7 (Flyball, 78M, EV 97.5 MPH)
|
| Top of the 2nd over - 0 runs, 1 hit, 0 errors, 1 left on base; Birmingham 0 - Montgomery 0 |
| BOTTOM OF THE 2ND |
|
Montgomery Biscuits batting - Pitching for Birmingham Barons : RHP Tristan Vollmer
|
|
Batting: RHB Jonathan Fraire
|
0-0: Ball 1-0: Called Strike 1-1: Ball 2-1: Fly out, F3 (Popup, 3SF, EV 76.9 MPH)
|
|
Batting: SHB Wayne Hattan
|
0-0: Ball 1-0: Ground out 6-3 (Groundball, 6MS, EV 90.6 MPH)
|
|
Batting: RHB Freddy Mullen
|
0-0: Swinging Strike 0-1: Ball 1-1: Fly out, F2 (Popup, 23F, EV 81.2 MPH)
|
| Bottom of the 2nd over - 0 runs, 0 hits, 0 errors, 0 left on base; Birmingham 0 - Montgomery 0 |
| TOP OF THE 3RD |
|
Birmingham Barons batting - Pitching for Montgomery Biscuits : RHP Greg Spaulding
|
|
Batting: RHB Zach Hulme
|
0-0: Ball 1-0: Foul Ball, location: 2F 1-1: Swinging Strike 1-2: DOUBLE (Groundball, 5L, EV 103.8 MPH)
|
|
Batting: RHB Santos Guadalupe
|
0-0: Ball 1-0: Reached on error, E3 (Groundball, 34, EV 85.0 MPH) Zach Hulme to third
|
|
Batting: RHB Jeremy Hoffert
|
0-0: Called Strike 0-1: Fielders Choice at 2nd, 5-4 (Groundball, 5, EV 85.6 MPH) Zach Hulme scores
|
|
Batting: LHB Brandon Hopper
|
0-0: Ball 1-0: Ball Jeremy Hoffert steals 2nd base (no throw) 2-0: Called Strike 2-1: SINGLE (Groundball, 56D, EV 98.8 MPH) Jeremy Hoffert to third Runner from 3rd tries for Home, SAFE, throw by LF to home
|
|
Batting: RHB Guillermo Mojica
|
0-0: Called Strike 0-1: Ball 1-1: Ball 2-1: Ball Brandon Hopper is caught stealing 2nd base 2-4 3-1: Foul Ball, location: 2F 3-2: SOLO HOME RUN (Flyball, 78XD, EV 105.6 MPH), Distance : 409 ft
|
|
Batting: LHB Ryan Dyal
|
0-0: Ball 1-0: Ball 2-0: SINGLE (Groundball, 6MD, EV 96.9 MPH)
|
|
Batting: LHB Josh Pittman
|
0-0: Ball 1-0: Swinging Strike 1-1: Foul Ball, location: 2F 1-2: Strikes out swinging, 2-3 out at first.
|
| Top of the 3rd over - 3 runs, 4 hits, 1 error, 1 left on base; Birmingham 3 - Montgomery 0 |
| BOTTOM OF THE 3RD |
|
Montgomery Biscuits batting - Pitching for Birmingham Barons : RHP Tristan Vollmer
|
|
Batting: SHB Julio Hernandez
|
0-0: Foul Ball, location: 2F 0-1: Ground out 5-3 (Groundball, 56S, EV 85.6 MPH)
|
|
Batting: RHB Chris Glavin
|
0-0: Ball 1-0: Ball 2-0: Ball 3-0: Foul Ball, location: 2F 3-1: Base on Balls
|
|
Batting: LHB Bill McGregor
|
0-0: Called Strike 0-1: Ball 1-1: Ball 2-1: Fly out, F8 (Flyball, 78D, EV 78.1 MPH)
|
|
Batting: LHB Mark Marvin
|
0-0: Ball 1-0: Swinging Strike 1-1: Ball 2-1: Swinging Strike 2-2: 2-RUN HOME RUN (Flyball, 89XD, EV 102.5 MPH), Distance : 408 ft
|
|
Batting: SHB Lou Kroneman
|
0-0: Called Strike 0-1: Called Strike 0-2: Ground out 4-3 (Groundball, 4M, EV 108.8 MPH)
|
| Bottom of the 3rd over - 2 runs, 1 hit, 0 errors, 0 left on base; Birmingham 3 - Montgomery 2 |
| TOP OF THE 4TH |
|
Birmingham Barons batting - Pitching for Montgomery Biscuits : RHP Greg Spaulding
|
|
Batting: RHB Toichiro Fujimoto
|
0-0: DOUBLE (Groundball, 5L, EV 100.6 MPH)
|
|
Batting: LHB Carlos Ramirez
|
0-0: Ball 1-0: Foul Ball, location: 2F 1-1: Called Strike 1-2: Ball 2-2: Ball 3-2: SINGLE (Groundball, 25, EV 69.4 MPH) (infield hit) Toichiro Fujimoto to third
|
|
Batting: RHB Zach Hulme
|
0-0: Called Strike 0-1: Ball 1-1: SINGLE (Groundball, 5S, EV 74.4 MPH) (infield hit) Toichiro Fujimoto scores Carlos Ramirez to second
|
|
Batting: RHB Santos Guadalupe
|
0-0: Fly out, F7 (Flyball, 7S, EV 81.9 MPH)
|
|
Batting: RHB Jeremy Hoffert
|
0-0: Called Strike 0-1: Ball 1-1: Swinging Strike 1-2: Foul Ball, location: 2F 1-2: Fielders Choice at 2nd, 5-4 (Groundball, 56, EV 83.8 MPH) Carlos Ramirez to third
|
|
Batting: LHB Brandon Hopper
|
0-0: Ball 1-0: SINGLE (Groundball, 34D, EV 105.0 MPH) Carlos Ramirez scores Jeremy Hoffert to second Runner from 2nd tries for 3rd, SAFE, throw by RF made to third
|
|
Pitching: RHP David Breaux
|
|
|
Batting: RHB Guillermo Mojica
|
0-0: Foul Ball, location: 2F 0-1: Ball 1-1: Swinging Strike 1-2: Strikes out looking
|
| Top of the 4th over - 2 runs, 4 hits, 0 errors, 2 left on base; Birmingham 5 - Montgomery 2 |
| BOTTOM OF THE 4TH |
|
Montgomery Biscuits batting - Pitching for Birmingham Barons : RHP Tristan Vollmer
|
|
Batting: RHB David Ward
|
0-0: Called Strike 0-1: Ball 1-1: Ball 2-1: Foul Ball, location: 2F 2-2: Strikes out swinging
|
|
Batting: RHB Jonathan Fraire
|
0-0: Foul Ball, location: 2F 0-1: Ball 1-1: SINGLE (Line Drive, 8LS, EV 94.4 MPH)
|
|
Batting: SHB Wayne Hattan
|
0-0: Foul Ball, location: 2F 0-1: Ball 1-1: Called Strike 1-2: Foul Ball, location: 2F 1-2: SINGLE (Line Drive, 6M, EV 105.6 MPH) Jonathan Fraire to second Jonathan Fraire to third
|
|
Batting: RHB Freddy Mullen
|
0-0: Swinging Strike 0-1: Foul Ball, location: 2F 0-2: Foul Ball, location: 2F 0-2: Ball 1-2: Ball 2-2: Strikes out swinging
|
|
Batting: SHB Julio Hernandez
|
0-0: Called Strike 0-1: Called Strike 0-2: Strikes out looking
|
| Bottom of the 4th over - 0 runs, 2 hits, 0 errors, 2 left on base; Birmingham 5 - Montgomery 2 |
| TOP OF THE 5TH |
|
Birmingham Barons batting - Pitching for Montgomery Biscuits : RHP David Breaux
|
|
Batting: LHB Ryan Dyal
|
0-0: Called Strike 0-1: Called Strike 0-2: Strikes out swinging
|
|
Batting: LHB Josh Pittman
|
0-0: Ball 1-0: Fly out, F9 (Flyball, 9S, EV 90.6 MPH)
|
|
Batting: RHB Toichiro Fujimoto
|
0-0: Called Strike 0-1: Called Strike 0-2: Ball 1-2: Ball 2-2: Ball 3-2: SINGLE (Groundball, 34D, EV 97.5 MPH)
|
|
Batting: LHB Carlos Ramirez
|
0-0: Called Strike 0-1: Ball 1-1: Ball 2-1: Ball 3-1: Called Strike 3-2: Strikes out looking
|
| Top of the 5th over - 0 runs, 1 hit, 0 errors, 1 left on base; Birmingham 5 - Montgomery 2 |
| BOTTOM OF THE 5TH |
|
Montgomery Biscuits batting - Pitching for Birmingham Barons : RHP Tristan Vollmer
|
|
Batting: RHB Chris Glavin
|
0-0: Called Strike 0-1: Foul Ball, location: 2F 0-2: Ball 1-2: Ball 2-2: Ball 3-2: Strikes out swinging
|
|
Batting: LHB Bill McGregor
|
0-0: Ball 1-0: Swinging Strike 1-1: Swinging Strike 1-2: Ball 2-2: Ball 3-2: Base on Balls
|
|
Batting: LHB Mark Marvin
|
0-0: Foul Ball, location: 2F 0-1: Ball 1-1: SINGLE (Groundball, P, EV 90.6 MPH) (infield hit) Bill McGregor to second
|
|
Pitching: LHP Ron Duffy
|
|
|
Batting: SHB Lou Kroneman
|
0-0: Called Strike 0-1: Called Strike 0-2: Foul Ball, location: 2F 0-2: Ball 1-2: Ball 2-2: Ball Wild Pitch! Bill McGregor to third Mark Marvin to second 3-2: Foul Ball, location: 2F 3-2: Base on Balls
|
|
Batting: RHB David Ward
|
0-0: Ball 1-0: Ball 2-0: Fly out, F7 (Flyball, 78M, EV 86.9 MPH)
|
|
Batting: RHB Jonathan Fraire
|
0-0: Called Strike 0-1: Ball 1-1: Foul Ball, location: 2F 1-2: Ball 2-2: Strikes out looking
|
| Bottom of the 5th over - 0 runs, 1 hit, 0 errors, 3 left on base; Birmingham 5 - Montgomery 2 |
| TOP OF THE 6TH |
|
Birmingham Barons batting - Pitching for Montgomery Biscuits : RHP David Breaux
|
|
Batting: RHB Zach Hulme
|
0-0: Ball 1-0: Foul Ball, location: 2F 1-1: Ground out 5-3 (Groundball, 56, EV 84.4 MPH)
|
|
Batting: RHB Santos Guadalupe
|
0-0: Called Strike 0-1: Ground out 6-3 (Groundball, 6, EV 81.2 MPH)
|
|
Batting: RHB Jeremy Hoffert
|
0-0: Foul Ball, location: 2F 0-1: Ground out 6-3 (Groundball, 6, EV 84.4 MPH)
|
| Top of the 6th over - 0 runs, 0 hits, 0 errors, 0 left on base; Birmingham 5 - Montgomery 2 |
| BOTTOM OF THE 6TH |
|
Montgomery Biscuits batting - Pitching for Birmingham Barons : LHP Ron Duffy
|
|
Batting: SHB Wayne Hattan
|
0-0: Called Strike 0-1: Foul Ball, location: 2F 0-2: Foul Ball, location: 2F 0-2: Ball 1-2: Ball 2-2: Ball 3-2: Foul Ball, location: 2F 3-2: Base on Balls
|
|
Batting: RHB Freddy Mullen
|
0-0: Ball 1-0: Grounds into double play, 6-4-3 (Groundball, 6, EV 86.2 MPH)
|
|
Batting: SHB Julio Hernandez
|
0-0: Called Strike 0-1: Foul Ball, location: 2F 0-2: Ground out 6-3 (Groundball, 6, EV 88.8 MPH)
|
| Bottom of the 6th over - 0 runs, 0 hits, 0 errors, 0 left on base; Birmingham 5 - Montgomery 2 |
| TOP OF THE 7TH |
|
Birmingham Barons batting - Pitching for Montgomery Biscuits : RHP David Breaux
|
|
Batting: LHB Brandon Hopper
|
0-0: Foul Ball, location: 2F 0-1: SINGLE (Groundball, 13S, EV 71.2 MPH) (infield hit)
|
|
Batting: RHB Guillermo Mojica
|
0-0: Ball 1-0: Called Strike 1-1: Fly out, F9 (Line Drive, 9S, EV 90.6 MPH)
|
|
Batting: LHB Ryan Dyal
|
0-0: Called Strike 0-1: Ball 1-1: Called Strike 1-2: Ball 2-2: Fly out, F6 (Popup, P, EV 90.0 MPH)
|
|
Batting: LHB Josh Pittman
|
0-0: Called Strike 0-1: Ball 1-1: Ball 2-1: Foul Ball, location: 2F 2-2: Fly out, F8 (Flyball, 8RM, EV 90.0 MPH)
|
| Top of the 7th over - 0 runs, 1 hit, 0 errors, 1 left on base; Birmingham 5 - Montgomery 2 |
| BOTTOM OF THE 7TH |
|
Montgomery Biscuits batting - Pitching for Birmingham Barons : LHP Ron Duffy
|
|
Batting: RHB Chris Glavin
|
0-0: Ball 1-0: Called Strike 1-1: Called Strike 1-2: Foul Ball, location: 2F 1-2: Strikes out swinging
|
|
Batting: LHB Bill McGregor
|
0-0: Ball 1-0: Ball 2-0: Ball 3-0: Base on Balls
|
|
Batting: LHB Mark Marvin
|
0-0: Ball Bill McGregor is caught stealing 2nd base 2-6 1-0: Called Strike 1-1: SINGLE (Groundball, 25, EV 66.9 MPH) (infield hit)
|
|
Batting: SHB Lou Kroneman
|
0-0: Ball 1-0: Called Strike Mark Marvin is caught stealing 2nd base 2-4
|
| Bottom of the 7th over - 0 runs, 1 hit, 0 errors, 0 left on base; Birmingham 5 - Montgomery 2 |
| TOP OF THE 8TH |
|
Birmingham Barons batting - Pitching for Montgomery Biscuits : RHP David Breaux
|
|
Pitching: RHP Luis Cubero
|
|
|
Batting: RHB Toichiro Fujimoto
|
0-0: SINGLE (Line Drive, 34D, EV 96.2 MPH)
|
|
Batting: LHB Carlos Ramirez
|
0-0: Called Strike 0-1: Swinging Strike 0-2: Foul Ball, location: 2F 0-2: Strikes out looking
|
|
Batting: RHB Zach Hulme
|
0-0: Ball 1-0: Ball 2-0: Ball 3-0: Called Strike 3-1: Fielders Choice at 2nd, 6-4 (Groundball, 6, EV 108.8 MPH)
|
|
Batting: RHB Santos Guadalupe
|
0-0: Ball 1-0: Ball 2-0: Called Strike 2-1: Fly out, F5 (Line Drive, 5, EV 66.9 MPH)
|
| Top of the 8th over - 0 runs, 1 hit, 0 errors, 1 left on base; Birmingham 5 - Montgomery 2 |
| BOTTOM OF THE 8TH |
|
Montgomery Biscuits batting - Pitching for Birmingham Barons : LHP Ron Duffy
|
|
Pitching: LHP Silas Chartier
|
|
|
Batting: SHB Lou Kroneman
|
0-0: Ball 1-0: Ball 2-0: Ball 3-0: Called Strike 3-1: Called Strike 3-2: Base on Balls
|
|
Batting: RHB David Ward
|
0-0: Ball 1-0: Ball 2-0: Called Strike 2-1: Ball 3-1: Called Strike 3-2: Foul Ball, location: 2F 3-2: Fly out, F3 (Popup, 34S, EV 76.2 MPH)
|
|
Batting: RHB Jonathan Fraire
|
0-0: Called Strike 0-1: Swinging Strike 0-2: Ball 1-2: Strikes out swinging
|
|
Batting: SHB Wayne Hattan
|
0-0: Ball 1-0: Ball 2-0: Ball 3-0: Called Strike 3-1: Foul Ball, location: 2F 3-2: Base on Balls Lou Kroneman to second
|
|
Batting: RHB Freddy Mullen
|
0-0: SINGLE (Groundball, 56D, EV 101.2 MPH) - runner OUT being hit by batted ball. (infield hit)
|
| Bottom of the 8th over - 0 runs, 1 hit, 0 errors, 1 left on base; Birmingham 5 - Montgomery 2 |
| TOP OF THE 9TH |
|
Birmingham Barons batting - Pitching for Montgomery Biscuits : RHP Luis Cubero
|
|
Batting: RHB Jeremy Hoffert
|
0-0: SINGLE (Groundball, 5L, EV 99.4 MPH)
|
|
Batting: LHB Brandon Hopper
|
0-0: Ball 1-0: Ball 2-0: Called Strike 2-1: Ball 3-1: Fly out, F8 (Flyball, 8RM, EV 94.4 MPH)
|
|
Batting: RHB Guillermo Mojica
|
0-0: Swinging Strike 0-1: Ball 1-1: Ball 2-1: Swinging Strike 2-2: Foul Ball, location: 2F 2-2: Foul Ball, location: 2F 2-2: Strikes out swinging Jeremy Hoffert steals 2nd base Batter strikes out.
|
|
Batting: LHB Ryan Dyal
|
0-0: Ball Wild Pitch! Jeremy Hoffert to third 1-0: Foul Ball, location: 2F 1-1: Ball 2-1: Ball 3-1: Base on Balls
|
|
Batting: LHB Josh Pittman
|
0-0: Called Strike 0-1: Swinging Strike 0-2: Strikes out swinging
|
| Top of the 9th over - 0 runs, 1 hit, 0 errors, 2 left on base; Birmingham 5 - Montgomery 2 |
| BOTTOM OF THE 9TH |
|
Montgomery Biscuits batting - Pitching for Birmingham Barons : LHP Silas Chartier
|
|
Pitching: RHP Maury Compson
|
|
|
Batting: SHB Julio Hernandez
|
0-0: Ball 1-0: Ball 2-0: SINGLE (Groundball, 34S, EV 74.4 MPH) (infield hit)
|
|
Pinch Hitting: LHB Dan Hunt
|
0-0: Ball 1-0: Ball 2-0: Swinging Strike 2-1: SINGLE (Groundball, 34D, EV 102.5 MPH) Julio Hernandez to second
|
|
Batting: LHB Bill McGregor
|
0-0: Ball 1-0: Foul Ball, location: 2F 1-1: Fly out, F9 (Flyball, 9, EV 90.6 MPH)
|
|
Batting: LHB Mark Marvin
|
0-0: Ball 1-0: Foul Ball, location: 2F 1-1: Called Strike 1-2: Foul Ball, location: 2F 1-2: Fielders Choice at 2nd, 3-6 (Groundball, 34, EV 83.1 MPH) Julio Hernandez to third
|
|
Batting: SHB Lou Kroneman
|
0-0: Fielders Choice at 2nd, 5-4 (Groundball, 56, EV 78.1 MPH)
|
| Bottom of the 9th over - 0 runs, 2 hits, 0 errors, 2 left on base; Birmingham 5 - Montgomery 2 |
|